 Dungeon Crawl Stone Soup version 0.29-a0-334-gb41bcbb86e (webtiles) character file.

Game seed: 12338274867001873849

9526 spaghetti the Frost Mage (level 11, -6/111 HPs)
             Began as a Naga Fire Elementalist on Apr 14, 2022.
             Was a Follower of Cheibriados.
             Mangled by a seven-headed hydra (12 damage)
             ... on level 8 of the Dungeon.
             The game lasted 00:28:04 (15115 turns).

spaghetti the Frost Mage (Naga Fire Elementalist)  Turns: 15115, Time: 00:28:04

Health: -6/111     AC:  7    Str: 13    XL:     11   Next: 47%
Magic:  3/18       EV: 11    Int: 32    God:    Cheibriados [*.....]
Gold:   587        SH:  0    Dex: 15    Spells: 4/20 levels left

rFire   . . .      SeeInvis +   g - staff of cold {!astaff}
rCold   + + .      Faith    .   (no shield)
rNeg    . . .      Spirit   .   n - +1 scale mail "Viawu" {rC+ Int+3 Stlth+}
rPois   +          Reflect  .   (no helmet)
rElec   .          Harm     .   (no cloak)
rCorr   .          Rampage  .   (no gloves)
Will    +....                   (no barding)
Stlth   ++........              (no amulet)
HPRegen 0.28/turn               h - +4 ring of evasion
MPRegen 0.16/turn               i - +6 ring of intelligence

@: about to teleport, freezing walls, studying Fighting, invisible, very slow
A: AC +3, large, see invisible, deformed body, poison resistance, slowness 2,
spit poison 1, naga tail 1
a: Spit Poison, Renounce Religion, Bend Time


You were on level 8 of the Dungeon.
You worshipped Cheibriados.
Cheibriados was aware of your devotion.
You visited 2 branches of the dungeon, and saw 9 of its levels.
You also visited: Ossuary.

You collected 587 gold pieces.


Innate Abilities, Weirdness & Mutations

Your serpentine skin is tough. (AC +3)
You have supernaturally acute eyesight. (SInv)
Armour fits poorly on your strangely shaped body.
Your system is resistant to poisons. (rPois)
You cover ground very slowly.
You can spit poison.
You have a snake-like lower body.


   Skills:
 + Level 11.3 Fighting
 - Level 1.5 Dodging
 - Level 3.0 Stealth
 - Level 5.0 Spellcasting
 - Level 9.0 Conjurations
 - Level 3.2 Fire Magic
 - Level 12.0 Ice Magic


You had 4 spell levels left.
You knew the following spells:

 Your Spells              Type           Power      Damage    Failure   Level
a - Foxfire               Conj/Fire      100%       2x1d9     1%          1
b - Scorch                Fire           56%        2d7       10%         2
c - Conjure Flame         Conj/Fire      47%        6-21      6%          3
d - Frozen Ramparts       Ice            100%       1d12      1%          3
e - Hailstorm             Conj/Ice       85%        3d17      3%          4
f - Ozocubu's Armour      Ice            91%        N/A       1%          3

Your spell library contained the following spells:

 Spells                   Type           Power      Damage    Failure   Level
 Freeze                   Ice            100%       1d11      1%          1
 Flame Wave               Conj/Fire      47%        2d10      21%         4
 Beastly Appendage        Tmut           16%        N/A       26%         1
 Wereblood                Tmut           8%         N/A       36%         2
 Inner Flame              Hex/Fire       18%        N/A       36%         3
 Spider Form              Tmut/Pois      8%         N/A       58%         3
 Tukima's Dance           Hex            8%         N/A       58%         3
 Anguish                  Hex/Necr       4%         N/A       94%         4
 Animate Dead             Necr           4%         N/A       94%         4
 Ozocubu's Refrigeration  Ice            45%        4d14      83%         7
 Enfeeble                 Hex            4%         N/A       100%        7
 Haunt                    Necr/Summ      4%         N/A       100%        7
 Infestation              Necr           4%         N/A       100%        8

Inventory:

Hand Weapons
 c - a +2 short sword of venom {short}
   (You took it off an orc on level 8 of the Dungeon)
 d - a +3 flail {mace}
   (You took it off a wight on level 8 of the Dungeon)
 f - a +5 long sword {long}
   (You took it off a wight on level 8 of the Dungeon)
 v - a +3 halberd of freezing {polearm}
   (You took it off a wight on level 8 of the Dungeon)
 G - the +7 spear of Larojiz {vorpal, rPois Dex+10, polearm}
   (You took it off a wight on level 8 of the Dungeon)

   It inflicts extra damage upon your enemies.
   Dex:       It affects your dexterity (+10).
   rPois:     It protects you from poison.
 Q - a +2 battleaxe of flaming {axe}
   (You took it off a wight on level 8 of the Dungeon)
 T - a +0 falchion of holy wrath {long}
   (You took it off a gnoll on level 8 of the Dungeon)
Missiles
 m - 436 stones {throwing}
 u - 26 poisoned darts {throwing}
 w - a boomerang {throwing}
 B - a curare-tipped dart {=fthrowing}
 M - 6 silver javelins {throwing}
 N - 2 atropa-tipped darts {throwing}
Armour
 a - a +0 robe
 n - the +1 scale mail "Viawu" (worn) {rC+ Int+3 Stlth+}
   (You found it on level 2 of the Dungeon)

   Int:       It affects your intelligence (+3).
   rC:        It protects you from cold.
   Stlth:     It makes you more stealthy.
 p - +1 acid dragon scales
   (You found it on level 2 of the Dungeon)
Magical Staves
 g - a staff of cold (weapon) {!astaff}
   (You found it on level 1 of the Dungeon)
 y - a staff of earth {!astaff}
   (You found it on level 8 of the Dungeon)
Jewellery
 h - a +4 ring of evasion (left hand)
   (You found it on level 1 of the Dungeon)
 i - a +6 ring of intelligence (right hand)
   (You found it on level 1 of the Dungeon)
 H - a ring of flight
   (You took it off a wight on level 8 of the Dungeon)
 I - a ring of willpower
   (You took it off a wight on level 8 of the Dungeon)
 O - a +6 ring of strength
   (You found it on level 7 of the Dungeon)
 P - a ring of wizardry
   (You found it on level 7 of the Dungeon)
Wands
 e - a wand of charming (7)
   (You found it on level 7 of the Dungeon)
 C - a wand of flame (30)
   (You found it on level 4 of the Dungeon)
 R - a wand of paralysis (6)
   (You took it off a gnoll sergeant on level 7 of the Dungeon)
Scrolls
 l - 3 scrolls of fog
 o - 2 scrolls of vulnerability {!r!r}
 q - a scroll of magic mapping {!r}
 r - 5 scrolls of teleportation {@r4}
 x - 2 scrolls of immolation {!r!r}
 L - a scroll of torment {!r}
 S - a scroll of noise {!r}
Potions
 b - 3 potions of magic
 k - 2 potions of invisibility
 s - a potion of flight
 t - 4 potions of curing {@q1}
 z - 2 potions of lignification {unknown}
 A - 3 potions of mutation {unknown}
 D - 2 potions of might {unknown}
 E - 3 potions of attraction {unknown}
 F - a potion of degeneration {unknown}
 J - a potion of brilliance
 K - 2 potions of haste {unknown}

Dungeon Overview and Level Annotations

Branches:
Dungeon (8/15)             Temple (1/1) D:7            Lair (0/6) D:8
Ossuary (visited)

Altars:
Ashenzari
Cheibriados
Dithmenos
Elyvilon
Fedhas
Gozag
Hepliaklqana
Kikubaaqudgha
Nemelex Xobeh
Okawaru
Qazlal
Ru
Sif Muna
Trog
Uskayaw
Vehumet
Wu Jian
Xom
Yredelemnul
Zin
The Shining One
Ignis

Shops:
D:3

= .....##..#)#.#H....D #..#..#...
.###.##.[.##...c.⌠V) #.###.#.#.
.# #)#.#..##.# #..#..#.#.
.###)#..##.#.## .#8...8#...
.##..###[####V## .####.###...
.#..###.#)####c#####.###.....##..
...## #.#.#.###D.c..###..#.#..##.
..## #.#.#.#####D####..##.##..##
..# #.#.#.#.#.@..##..#.....#..#
..#.#.#.#.#.#.#...#.#.##.....##.#
#.#.....).......###.#...........#
#.#.#.#.#.#.#.#.# .#.##.....##.#
#.# #.#.#.#.##.. .#..#.....#..#
#.## # #.#.##########..##.##..##
#..## #.#.##.......##..#.#..##.
##..## #.###..##..#..##.....##..
##..#######...###)#...###.###..#


You could see a seven-headed hydra (can't see you, slow) and a centaur (can't
see you).


Message History

Your black mamba's shape twists and changes as it dies. 😕 HP[+1] MP[+1]
Aiming: Charm
Press: ? - help, Shift-Dir - straight line, f - slime creature
Aim: a slime creature (chance to affect: 31%)
The slime creature easily resists.
Aiming: Charm
Press: ? - help, Shift-Dir - straight line, f/p - slime creature
Aim: a slime creature (chance to affect: 31%)
The slime creature is charmed.
The seven-headed hydra roars!
The centaur shoots an arrow.
The arrow hits your slime creature!
The centaur shoots an arrow.
The arrow hits your slime creature!
The centaur shoots an arrow.
The arrow hits your slime creature! 😕 HP[+1]
What are your orders? t - Shout!
Orders for allies: a - Attack new target. p - Attack previous target. r - Retreat! s - Stop attacking. g - Guard the area. f - Follow me.
Anything else - Cancel.
Gang up on whom?
Press: ? - help, Dir - move target, f - seven-headed hydra, p - slime creature
Aim: a seven-headed hydra
Okay, then.
Casting: Hailstorm (mildly dangerous; 3% risk of failure)
Confirm with . or Enter, or press ? or * to list all spells.
Casting: Frozen Ramparts (safe; 1% risk of failure)
Press: ? - help, Dir - look around, f - activate
Okay, then.
The seven-headed hydra barely misses your slime creature.
The seven-headed hydra bites your slime creature! x3
Your slime creature dies! 😕 MP[+1]
You see here a +0 robe. 😕 HP[+1]
Casting: Frozen Ramparts (safe; 1% risk of failure)
Confirm with . or Enter, or press ? or * to list all spells.
Casting: Frozen Ramparts (safe; 1% risk of failure)
Press: ? - help, Dir - look around, f - activate You feel a surge of power!
The walls around you are covered in ice.
The wall freezes the seven-headed hydra.
The seven-headed hydra seems to slow down.
The seven-headed hydra bites you.
The seven-headed hydra bites you but does no damage.
The seven-headed hydra bites you!
The seven-headed hydra barely misses you. x2
The seven-headed hydra bites you! x2 😮 HP[-35] MP[-3]
You take 35 damage, and now have 62/111 hp.
MASSIVE DAMAGE!! (PAUSE)
You lost 3 mp, and now have 2/18 mp.
Unknown command.
Okay, then.
As you read the scroll labelled GOHAFO TYUCVUA, it crumbles to dust.
It is a scroll of enchant armour.
Your +0 acid dragon scales glow green for a moment.
The wall freezes the centaur.
Aiming: Charm
Press: ? - help, Shift-Dir - straight line, f - seven-headed hydra
Aim: a seven-headed hydra (slow, chance to affect: 17%)
Okay, then.
Okay, then.
You fade into invisibility!
The wall freezes the centaur.
The centaur shoots an arrow.
The arrow hits the seven-headed hydra!
The wall freezes the seven-headed hydra!
The seven-headed hydra seems to slow down.
The seven-headed hydra completely misses you.
The seven-headed hydra bites you.
The seven-headed hydra closely misses you.
The seven-headed hydra barely misses you.
The seven-headed hydra bites you!
* * * LOW HITPOINT WARNING * * *
The seven-headed hydra barely misses you.
The seven-headed hydra bites you!
* * * LOW HITPOINT WARNING * * *
😨 HP[-23]
You take 23 damage, and now have 39/111 hp.
MASSIVE DAMAGE!! (PAUSE) Unknown command.
As you read the scroll of teleportation {@r4}, it crumbles to dust.
You feel strangely unstable.
The wall freezes the centaur!
The centaur shoots an arrow.
The arrow hits the seven-headed hydra!
The wall freezes the seven-headed hydra!
The seven-headed hydra bites you.
* * * LOW HITPOINT WARNING * * *
The seven-headed hydra bites you.
* * * LOW HITPOINT WARNING * * *
The seven-headed hydra closely misses you.
The seven-headed hydra bites you!
* * * LOW HITPOINT WARNING * * *
The seven-headed hydra bites you.
* * * LOW HITPOINT WARNING * * *
The seven-headed hydra bites you!
* * * LOW HITPOINT WARNING * * *
The seven-headed hydra bites you!
You die...

Skill      XL: |  1  2  3  4  5  6  7  8  9 10 11 |
---------------+----------------------------------+-----
Spellcasting   | 3 4 5 |  5.0
Ice Magic      | 1 2 3 5 7 10 12 | 12.0
Conjurations   | 2 3 4 6 8 9 |  9.0
Fighting       | 5 11 | 11.3
Dodging        | |  1.5
Stealth        | |  3.0
Fire Magic     | |  3.2

Action                   |  1- 3 |  4- 6 |  7- 9 | 10-12 || total
-------------------------+-------+-------+-------+-------++-------
Melee: Unarmed           |     2 |       |       |       ||     2
       Staff             |     9 |    19 |    35 |    14 ||    77
 Cast: Foxfire           |    47 |   101 |   139 |    57 ||   344
       Scorch            |    17 |    14 |    60 |    56 ||   147
       Frozen Ramparts   |       |       |    10 |    14 ||    24
       Ozocubu's Armour  |       |       |     3 |     2 ||     5
       Hailstorm         |       |       |     1 |    18 ||    19
 Abil: Spit Poison       |     5 |     3 |     2 |     5 ||    15
Evoke: Wand              |       |     1 |     2 |    12 ||    15
  Use: Scroll            |       |     6 |     4 |     7 ||    17
       Potion            |       |     3 |     1 |     5 ||     9
 Stab: Invisible         |       |     2 |       |       ||     2
       Paralysed         |       |       |       |     3 ||     3
Armor: Robe              |     2 |       |       |       ||     2
       Scale mail        |     2 |    29 |    42 |    22 ||    95
Dodge: Dodged            |    11 |    27 |    52 |    56 ||   146

Levels and vault maps discovered:
D:1:      ncdulo_lavacross, layout_loops_ring, serial_bayou,
          serial_bayou_lagoon_a, serial_bayou_ford_a, serial_bayou_pond_d,
          serial_bayou_crossing
D:2:      layout_loops_ring, basic_altar, basic_ecumenical_altar,
          minmay_misc_feat_pillars
D:3:      layout_loops_cross, serial_shops, shop, kennysheep_nub,
          kennysheep_generic_room_5
D:4:      layout_loops_cross, nicolae_overflow_hidden_temple
D:5:      layout_basic, lemuel_zombie_altar_kikubaaqudgha, uniq_eustachio
D:6:      layout_cave_pods, trog_hazing_becter, serial_column_ruins,
          column_ruins_hut_ruined, column_ruins_grid_1,
          column_ruins_corridor_straight, column_ruins_corridor_dead_end,
          column_ruins_grid_1, column_ruins_open_tiny, column_ruins_grid_1,
          gup_ossuary_entry_pyramid, uniq_grinder, uniq_prince_ribbit1
D:7:      nzn_winding_woodlands_small [nzn_winding_woodlands_5x15_pool,
          nzn_winding_woodlands_center_lodge,
          nzn_winding_woodlands_5x15_jagged], layout_layer_cave,
          kennysheep_mini_moat, minmay_temple_entry_stoned_glass,
          minmay_manual_monstrance, uniq_duvessa
D:8:      minmay_the_grid_octo_tiled_octocenter [minmay_the_grid_octo_horde,
          minmay_the_grid_octo_77, minmay_the_grid_octo_pinwheel,
          minmay_the_grid_octo_teeth, minmay_the_grid_octo_prize_big_c,
          minmay_the_grid_square_5x5_shrine2,
          minmay_the_grid_square_5x5_eight_small,
          minmay_the_grid_square_5x5_gyroscope,
          minmay_the_grid_square_5x5_inner_z], layout_rooms,
          amethyst_overflow_temple_binary, patterned_corridor
Temple:   ebering_untended_altars

Notes
Turn   | Place    | Note
-------+----------+-------------------------------------------
     0 | D:1      | spaghetti the Naga Fire Elementalist began the quest for
                  | the Orb.
     0 | D:1      | Reached XP level 1. HP: 15/15 MP: 3/3
     0 | D:1      | magus.rc [v1.9.6]
   540 | D:1      | Reached XP level 2. HP: 22/22 MP: 0/5
   840 | D:1      | Learned a level 2 spell: Scorch
  1015 | D:1      | Reached skill level 3 in Spellcasting
  1267 | D:1      | Reached XP level 3. HP: 28/28 MP: 0/7
  1271 | D:1      | Learned a level 3 spell: Conjure Flame
  1567 | D:2      | Found a bloodstained altar of Trog.
  1726 | D:2      | Identified the +1 scale mail "Viawu" {rC+ Int+3 Stlth+}
  2253 | D:2      | You pick up a book of Frost and begin reading...
  2253 | D:2      | You add the spells Freeze, Frozen Ramparts and Hailstorm to
                  | your library.
  2425 | D:2      | Found a faded altar of an unknown god.
  2913 | D:3      | Reached skill level 1 in Ice Magic
  2913 | D:3      | Reached XP level 4. HP: 36/36 MP: 5/9
  2918 | D:3      | Reached skill level 2 in Conjurations
  2939 | D:2      | Reached XP level 5. HP: 42/42 MP: 0/10
  3039 | D:3      | Found Buisap's Jewellery Boutique.
  3483 | D:3      | Learned a level 3 spell: Frozen Ramparts
  3591 | D:3      | You pick up a book of Changes and begin reading...
  3591 | D:3      | You add the spells Beastly Appendage, Wereblood and Spider
                  | Form to your library.
  3997 | D:4      | Found a radiant altar of Vehumet.
  4000 | D:4      | Found a hide-covered altar of Uskayaw.
  4246 | D:4      | Found a sacrificial altar of Ru.
  4249 | D:4      | Found a white marble altar of Elyvilon.
  4479 | D:4      | Reached skill level 2 in Ice Magic
  4770 | D:5      | Entered Level 5 of the Dungeon
  4818 | D:5      | Reached skill level 4 in Spellcasting
  4818 | D:5      | Reached skill level 3 in Conjurations
  4818 | D:5      | Reached XP level 6. HP: 49/49 MP: 5/12
  5060 | D:5      | Noticed Eustachio
  5094 | D:5      | Killed Eustachio
  5095 | D:5      | Reached skill level 3 in Ice Magic
  5584 | D:5      | Learned a level 4 spell: Hailstorm
  5645 | D:5      | Found an ancient bone altar of Kikubaaqudgha.
  5770 | D:5      | Identified a scroll of acquirement
  5771 | D:5      | Acquired Ozocubu's Autobiography
  5772 | D:5      | You add the spells Ozocubu's Armour and Ozocubu's
                  | Refrigeration to your library.
  5924 | D:5      | You pick up a book of Changes and begin reading...
  6250 | D:6      | Noticed a black bear
  6255 | D:6      | Killed a black bear
  6256 | D:6      | Reached XP level 7. HP: 55/55 MP: 7/13
  6279 | D:6      | Found a sand-covered staircase.
  6289 | Ossuary  | Entered an ossuary
  6631 | Ossuary  | Reached skill level 4 in Conjurations
  7725 | D:6      | Reached skill level 4 in Ice Magic
  7891 | D:6      | Found a bloodstained altar of Trog.
  8039 | D:6      | Reached skill level 5 in Spellcasting
  8221 | D:6      | Reached skill level 5 in Ice Magic
  8221 | D:6      | Reached XP level 8. HP: 62/62 MP: 8/15
  8680 | D:6      | Reached skill level 5 in Conjurations
  8830 | D:6      | Noticed Prince Ribbit
  8835 | D:6      | Killed Prince Ribbit
  8836 | D:6      | Reached skill level 6 in Ice Magic
  9012 | D:6      | Noticed Grinder
  9025 | D:6      | Killed Grinder
  9129 | D:6      | Reached skill level 7 in Ice Magic
  9197 | D:7      | Noticed a wyvern
  9201 | D:7      | Killed a wyvern
  9202 | D:7      | Reached skill level 6 in Conjurations
  9202 | D:7      | Reached XP level 9. HP: 47/68 MP: 6/16
  9253 | D:7      | Reached skill level 8 in Ice Magic
  9253 | D:7      | Noticed Duvessa
  9255 | D:7      | Noticed Dowan
  9265 | D:7      | Killed Duvessa
  9273 | D:7      | Killed Dowan
  9631 | D:7      | Learned a level 3 spell: Ozocubu's Armour
  9837 | D:7      | Reached skill level 7 in Conjurations
  9837 | D:7      | Reached skill level 9 in Ice Magic
 10270 | D:7      | Found a basalt altar of Yredelemnul.
 10342 | D:7      | Reached skill level 10 in Ice Magic
 10443 | D:7      | Noticed a two-headed ogre
 10443 | D:7      | Noticed a two-headed ogre
 10443 | D:7      | Noticed a centaur warrior
 10447 | D:7      | Killed a centaur warrior
 10448 | D:7      | Reached skill level 8 in Conjurations
 10448 | D:7      | Reached XP level 10. HP: 59/75 MP: 4/17
 10449 | D:7      | Killed a two-headed ogre
 10450 | D:7      | Reached skill level 11 in Ice Magic
 10452 | D:7      | HP: 15/75 [two-headed ogre/+0 giant spiked club (20)]
 10454 | D:7      | Killed a two-headed ogre
 10958 | D:7      | Found a staircase to the Ecumenical Temple.
 11730 | Temple   | Entered the Ecumenical Temple
 11788 | Temple   | Became a worshipper of Cheibriados the Contemplative
 11967 | D:8      | Reached skill level 9 in Conjurations
 12096 | D:8      | Reached skill level 12 in Ice Magic
 12096 | D:8      | Reached skill level 1 in Fighting
 12140 | D:8      | Noticed a two-headed ogre
 12244 | D:8      | HP: 16/80 [two-headed ogre/+0 giant club (22)]
 12244 | D:8      | HP: 4/80 [two-headed ogre/+0 giant club (12)]
 12245 | D:8      | Killed a two-headed ogre
 12246 | D:8      | Reached skill level 5 in Fighting
 12246 | D:8      | Reached XP level 11. HP: 5/96 MP: 2/18
 12759 | D:8      | Reached skill level 6 in Fighting
 13224 | D:8      | Found a staircase to the Lair.
 13597 | D:8      | Found a hazy altar of Hepliaklqana.
 13597 | D:8      | Found a glowing golden altar of the Shining One.
 13663 | D:8      | Noticed a two-headed ogre
 13671 | D:8      | Killed a two-headed ogre
 13672 | D:8      | Reached skill level 8 in Fighting
 13758 | D:8      | Reached * piety under Cheibriados
 13889 | D:8      | Reached skill level 9 in Fighting
 14005 | D:8      | Noticed a cyclops
 14015 | D:8      | Killed a cyclops
 14016 | D:8      | Reached skill level 10 in Fighting
 14354 | D:8      | HP: 23/109 [orc warrior/+0 flail (10)]
 14357 | D:8      | HP: 6/109 [orc warrior/+0 flail (11)]
 14886 | D:8      | Identified the +7 spear of Larojiz {vorpal, rPois Dex+10}
 15023 | D:8      | You pick up a book of Maledictions and begin reading...
 15023 | D:8      | You add the spells Tukima's Dance, Anguish and Enfeeble to
                  | your library.
 15090 | D:8      | You pick up a book of Death and begin reading...
 15090 | D:8      | You add the spells Animate Dead, Haunt and Infestation to
                  | your library.
 15097 | D:8      | Noticed a manticore
 15098 | D:8      | Noticed a harpy
 15099 | D:8      | Killed a manticore
 15100 | D:8      | Reached skill level 11 in Fighting
 15102 | D:8      | Noticed a seven-headed hydra
 15115 | D:8      | HP: 22/111 [seven-headed hydra (9)]
 15115 | D:8      | HP: 6/111 [seven-headed hydra (11)]
 15115 | D:8      | Mangled by a seven-headed hydra

Vanquished Creatures
  A centaur warrior (D:7)
  4 two-headed ogres
  A manticore (D:8)
  A cyclops (D:8)
  A gargoyle (D:8)
  An unseen horror (D:8)
  Grinder (D:6)
  Prince Ribbit (D:6)
  A wyvern (D:7)
  A wraith (D:7)
  2 yaks (D:7)
  Eustachio (D:5)
  3 acid dragons
  2 water moccasins (D:7)
  Duvessa (D:7)
  A sky beast (D:7)
  An orc warrior (D:8)
  A black bear (D:6)
  3 ice beasts
  An ogre (D:7)
  4 centaurs
  2 kobold brigands
  5 bullfrogs
  3 gnoll sergeants
  2 scorpions (D:6)
  2 necrophages
  11 wights (D:8)
  Dowan (D:7)
  6 killer bees (D:7)
  A jelly (D:7)
  A hound (D:7)
  3 orc priests
  2 iguanas
  3 orc wizards (D:8)
  2 mummies
  5 adders
  4 gnolls (D:8)
  2 shadow imps
  A white imp (D:5)
  An ufetubus (D:5)
  A worm (D:3)
  3 dart slugs
  19 orcs
  3 spectral bats (Ossuary)
  A ball python (D:2)
  A bat zombie (D:5)
  8 endoplasms
  3 giant cockroaches
  12 gnoll zombies (Ossuary)
  13 goblins
  4 hobgoblins
  3 quokkas
  3 bats
  3 bat simulacra (Ossuary)
  5 goblin simulacra (Ossuary)
  2 goblin zombies (Ossuary)
  6 hobgoblin zombies (Ossuary)
  12 kobolds
  4 kobold simulacra (Ossuary)
  3 kobold zombies (Ossuary)
  7 orc zombies (Ossuary)
  7 rats
  5 rat simulacra (Ossuary)
  A rat zombie (D:5)
  4 spectral goblins (Ossuary)
  2 spectral kobolds (Ossuary)
  3 spectral rats (Ossuary)
228 creatures vanquished.

Vanquished Creatures (collateral kills)
  An ogre (D:7)
  An iguana (D:7)
  2 orcs (D:8)
4 creatures vanquished.

Vanquished Creatures (others)
  A black mamba (shapeshifter) (D:8)
  A troll (D:8)
  A slime creature (D:8)
  545 foxfires
  3 plants (D:1)
551 creatures vanquished.

Grand Total: 783 creatures vanquished

Table legend:
 A = Non-vault XP
 B = Vault XP
 C = Vault XP percentage of total XP
 D = Non-vault monster count
 E = Vault monster count
 F = Vault count percentage of total count
                 A         B        C        D         E       F
            +---------+---------+-------+---------+---------+-------
      Total |    4039 |    9570 |  70.3 |     127 |     106 |  45.5
            +---------+---------+-------+---------+---------+-------
        D:1 |      36 |       0 |   0.0 |      19 |       0 |   0.0
        D:2 |      38 |       0 |   0.0 |      15 |       0 |   0.0
        D:3 |     109 |       4 |   3.5 |      13 |       2 |  13.3
        D:4 |      85 |       0 |   0.0 |      14 |       0 |   0.0
        D:5 |     122 |     199 |  62.0 |       8 |       3 |  27.3
        D:6 |     906 |     568 |  38.5 |      11 |       9 |  45.0
        D:7 |    1256 |    4371 |  77.7 |      21 |      18 |  46.2
        D:8 |    1487 |    4337 |  74.5 |      26 |      14 |  35.0
    Ossuary |       0 |      91 | 100.0 |       0 |      60 | 100.0
            +---------+---------+-------+---------+---------+-------

Illustrated notes

Table legend:
 A = Kills in this place as a percentage of kills in entire the game.
 B = Kills by you in this place as a percentage of kills by you in the entire game.
 C = Kills by friends in this place as a percentage of kills by friends in the entire game.
 D = Other kills in this place as a percentage of other kills in the entire game.
 E = Experience gained in this place as a percentage of experience gained in the entire game.
 F = Experience gained in this place divided by the number of levels of this place that you have seen.
                   A       B       C       D       E      F
               +-------+-------+-------+-------+-------+----------------------
         Total | 100.0 | 100.0 | 100.0 | 100.0 | 100.0 | 1360.9
       Dungeon |  74.2 |  73.7 | 100.0 | 100.0 |  99.3 | 1689.8
       Ossuary |  25.8 |  26.3 |   0.0 |   0.0 |   0.7 |  91.0
               +-------+-------+-------+-------+-------+----------------------

Table legend: (Time is in decaauts)
 A = Elapsed time spent in this place.
 B = Non-inter-level travel time spent in this place.
 C = Inter-level travel time spent in this place.
 D = Time resting spent in this place.
 E = Time spent auto-exploring this place.
 F = Levels seen in this place.
 G = Mean time per level.
                   A        B        C        D        E       F      G
               +--------+--------+--------+--------+--------+-----+--------+
         Total |  18091 |  17567 |    524 |   3424 |  12450 |  10 | 1809.1 |
       Dungeon |  16515 |  16010 |    505 |   3203 |  11417 |   8 | 2064.4 |
        Temple |    100 |     81 |     19 |      0 |     51 |   1 |  100.0 |
       Ossuary |   1476 |   1476 |      0 |    221 |    980 |   1 | 1476.0 |
               +--------+--------+--------+--------+--------+-----+--------+

Top non-repeatable levels by time:
     D:7: 3651 daAuts
     D:8: 3341 daAuts
     D:6: 1991 daAuts
     D:1: 1766 daAuts
     D:5: 1757 daAuts
     D:2: 1520 daAuts
 Ossuary: 1476 daAuts
     D:4: 1312 daAuts
     D:3: 1173 daAuts
  Temple: 100 daAuts
